 Dungeon Crawl Stone Soup version 0.26-a0-835-g8259106e14 (webtiles) character file.

Game seed: 2369852371016136963

2 RaHiT the Sneak (level 1, -4/16 HPs)
             Began as an Octopode Delver on Nov 17, 2020.
             Slain by a centaur zombie (8 damage)
             ... in an ossuary.
             The game lasted 00:02:06 (83 turns).

RaHiT the Sneak (Octopode Delver)                     Turns: 83, Time: 00:02:06

Health: -4/16      AC:  1    Str: 11    XL:     1   Next: 30%
Magic:  1/1        EV: 13    Int: 12    God:
Gold:   0          SH:  0    Dex: 13    Spells: 0/0 levels left

rFire    . . .     SeeInvis +     - Unarmed
rCold    . . .     Faith    .   (no shield)
rNeg     . . .     Spirit   .   (helmet restricted)
rPois    .         Reflect  .   (no amulet)
rElec    .         Harm     .   f - ring of see invisible
rCorr    .         Rampage  .   (no ring)
MR       .....                  (no ring)
Stlth    ++++......             (no ring)
HPRegen  0.05/turn              (no ring)
MPRegen  0.07/turn              (no ring)
                                (no ring)
                                (no ring)

@: marked
A: almost no armour, stealthy swim, amphibious, 8 rings, constrict 8, camouflage
1, gelatinous body 1
a: no special abilities


You were in an ossuary.
You visited 1 branch of the dungeon, and saw 1 of its levels.
You also visited: Ossuary.

Inventory:

Missiles
 b - 29 stones (quivered)
Jewellery
 f - a ring of see invisible (left tentacle)
Wands
 e - a wand of digging (3)
Scrolls
 a - a scroll of fog
 c - a scroll of fear
Potions
 d - a potion of haste


   Skills:
 - Level 3.0 Fighting
 - Level 2.0 Dodging
 * Level 6.7 Stealth
 - Level 2.0 Unarmed Combat


You couldn't memorise any spells.
You didn't know any spells.
Your spell library was empty.

Dungeon Overview and Level Annotations

Branches:
Dungeon (5/15)            Ossuary (1/1)
 Temple: D:4-7

Altars:

Shops:
D:5 (


Innate Abilities, Weirdness & Mutations

You cannot wear most types of armour.
You are very stealthy in the water. (Stealth+)
You are amphibious.
You can wear up to eight rings at the same time.
You can use your tentacles to constrict eight enemies at once.
Your skin changes colour to match your surroundings (Stealth+).
Your rubbery body absorbs attacks. (AC +1, EV +1)


Message History

The hobgoblin zombie blinks! x2
The centaur zombie fails to trigger a net trap.
You blink.
The big kobold zombie blinks!
The big kobold zombie sets off the alarm!
The alarm trap emits a blaring wail!
The mark upon you grows brighter.
The hobgoblin zombie moves out of view.
The hobgoblin zombie enters a dispersal trap!
The centaur zombie blinks!
The big kobold zombie blinks!
You blink.
The hobgoblin zombie blinks!
A hobgoblin zombie comes into view.
Unknown command.
The hobgoblin zombie hits you. The hobgoblin zombie barely misses you.
The centaur zombie barely misses you. The hobgoblin zombie hits you.
The centaur zombie hits you.
* * * LOW HITPOINT WARNING * * *
The hobgoblin zombie hits you but does no damage.
Unknown command.
The centaur zombie hits you!
Ouch! That really hurt!
You die...

#^^...#
##..^..##
#.^...^.#
##...^.##
#...^...#
##.^...##
#..^..Z.#
##...ZZ##
#.....@.#
##.^.ZZ##
#.......#
##.^...##
#..^^...#
##...^.##
.......
##...^^#


You could see 3 hobgoblin zombies and 2 centaur zombies.

Vanquished Creatures
  A hobgoblin zombie (Ossuary)
  2 rat zombies (D:5)
3 creatures vanquished.

Notes
Turn   | Place    | Note
-------+----------+-------------------------------------------
     0 | D:5      | RaHiT the Octopode Delver began the quest for the Orb.
     0 | D:5      | Reached XP level 1. HP: 16/16 MP: 1/1
     7 | D:5      | Found Xeuh's Antique Weapon Shop.
    30 | D:5      | Found a sand-covered staircase.
    57 | Ossuary  | Entered an ossuary
    83 | Ossuary  | Slain by a centaur zombie

Illustrated notes

Levels and vault maps discovered:
D:5:      layout_loops_ring, lemuel_round_altar, serial_shops, shop,
          enter_ossuary_4, kennysheep_cross_room, minmay_misc_feat_nine_boxes,
          kennysheep_generic_room_8
Ossuary:  ossuary_the_hunt_dpeg

Action                   || total
-------------------------++-------
Melee: Unarmed           ||    10
       Constrict         ||     3
  Use: Scroll            ||     1
 Stab: Sleeping          ||     1
Armor: Skin              ||     2
Dodge: Dodged            ||     8

Table legend: (Time is in decaauts)
 A = Elapsed time spent in this place.
 B = Non-inter-level travel time spent in this place.
 C = Inter-level travel time spent in this place.
 D = Time resting spent in this place.
 E = Time spent auto-exploring this place.
 F = Levels seen in this place.
 G = Mean time per level.
                   A        B        C        D        E       F      G
               +--------+--------+--------+--------+--------+-----+--------+
         Total |     82 |     82 |      0 |      0 |      0 |   2 |   41.0 |
       Dungeon |     56 |     56 |      0 |      0 |      0 |   1 |   56.0 |
       Ossuary |     25 |     25 |      0 |      0 |      0 |   1 |   25.0 |
               +--------+--------+--------+--------+--------+-----+--------+

Top non-repeatable levels by time:
     D:5: 56 daAuts
 Ossuary: 25 daAuts
